 Dungeon Crawl Stone Soup version 0.29.0-13-gc9e81de378 (webtiles) character file.

Game seed: 1638721168873176483

760 Artool the Cudgeller (level 7, -5/55 HPs)
             Began as a Demonspawn Gladiator on Sept 7, 2022.
             Slain by a water moccasin (6 damage)
             ... on level 5 of the Dungeon.
             The game lasted 00:12:47 (4491 turns).

Artool the Cudgeller (Demonspawn Gladiator)         Turns: 4491, Time: 00:12:47

Health: -5/55      AC:  9    Str: 16    XL:     7   Next: 50%
Magic:  7/7        EV: 11    Int:  9    God:
Gold:   148        SH:  0    Dex: 17    Spells: 6/6 levels left

rFire   . . .      SeeInvis .   B - +0 whip (elec)
rCold   . . .      Faith    .   (no shield)
rNeg    . . .      Spirit   .   o - +0 scale mail
rPois   .          Reflect  .   c - +0 helmet
rElec   .          Harm     .   (cloak unavailable)
rCorr   .          Rampage  .   n - +0 pair of gloves
Will    .....                   (no boots)
Stlth   +.........              (no amulet)
HPRegen 0.18/turn               (no ring)
MPRegen 0.10/turn               (no ring)

@: lethally poisoned (-5 -> -17)
A: thin skeletal structure 1, powered by death 1, weakness stinger 3
a: no special abilities


You were on level 5 of the Dungeon.
You visited 1 branch of the dungeon, and saw 5 of its levels.

You collected 148 gold pieces.

Inventory:

Hand Weapons
 B - a +0 whip of electrocution (weapon)
Missiles
 d - 3 throwing nets
 e - a javelin
 x - 7 boomerangs (quivered)
 E - 5 poisoned darts
Armour
 c - a +0 helmet (worn)
 n - a +0 pair of gloves (worn)
 o - a +0 scale mail (worn)
Jewellery
 m - a ring of ice
 F - a ring of fire
Wands
 w - a wand of iceblast (8)
Scrolls
 a - a scroll of enchant armour {unknown}
 b - a scroll of brand weapon {unknown}
 g - 3 scrolls of teleportation {unknown}
 k - 2 scrolls of noise {unknown}
 l - 2 scrolls of fear {unknown}
 p - 2 scrolls of summoning {unknown}
 r - 2 scrolls of blinking {unknown}
 s - a scroll of enchant weapon {unknown}
 y - 5 scrolls of identify {unknown}
 C - a scroll of poison {unknown}
 D - a scroll of fog {unknown}
Potions
 f - a potion of magic {unknown}
 h - a potion of berserk rage {unknown}
 i - a potion of ambrosia {unknown}
 j - a potion of mutation {unknown}
 q - 2 potions of haste {unknown}
 t - a potion of heal wounds {unknown}
 u - a potion of curing {unknown}
 v - a potion of flight {unknown}
 z - a potion of lignification {unknown}
 A - 2 potions of attraction {unknown}


   Skills:
 + Level 4.5 Fighting
 + Level 4.6 Maces & Flails
 - Level 2.0 Throwing
 + Level 3.5 Armour
 + Level 4.6 Dodging


You had 6 spell levels left.
You didn't know any spells.
Your spell library contained the following spells:

 Spells                   Type           Power      Damage    Failure   Level
 Sting                    Tmut/Pois      0%         1d3       80%         1
 Poisonous Vapours        Pois/Air       0%         N/A       91%         2
 Frozen Ramparts          Ice            0%         1d1       99%         3
 Anguish                  Hex/Necr       0%         N/A       100%        4
 Hailstorm                Conj/Ice       0%         3d3       100%        4
 Ice Form                 Ice/Tmut       0%         N/A       100%        4
 Olgreb's Toxic Radiance  Pois           0%         N/A       100%        4
 Summon Ice Beast         Ice/Summ       0%         N/A       100%        4
 Simulacrum               Ice/Necr       0%         N/A       100%        6
 Enfeeble                 Hex            0%         N/A       100%        7


Dungeon Overview and Level Annotations

Branches:
Dungeon (5/15)
 Temple: D:4-7

Altars:
Fedhas
Gozag


Innate Abilities, Weirdness & Mutations

You have a somewhat thin skeletal structure. (Dex +2, Stealth+)
You regenerate a little health from kills.
You have a sharp stinger which inflicts weakening toxins.


Message History

You are poisoned.
The water moccasin poisons you!
The water moccasin attacks as you move away!
The water moccasin bites you but does no damage.
You feel very sick.
You feel sick.
The water moccasin attacks as you move away!
The water moccasin bites you.
You feel sick.
The water moccasin completely misses you.
You feel sick.
The water moccasin attacks as you move away!
The water moccasin misses you.
You feel sick.
The water moccasin completely misses you.
You feel sick.
You feel sick.
You feel sick. The water moccasin closely misses you.
You feel sick.
You are no longer poisoned.
The water moccasin bites you. The water moccasin barely misses you.
The water moccasin attacks as you move away!
The water moccasin bites you!
* * * LOW HITPOINT WARNING * * *
You are poisoned.
The water moccasin poisons you!
You feel sick. The water moccasin misses you.
You feel sick.
The water moccasin attacks as you move away!
The water moccasin closely misses you.
You feel sick.
You feel sick.
The water moccasin bites you but does no damage.
You feel sick.
The water moccasin attacks as you move away!
The water moccasin bites you.
* * * LOW HITPOINT WARNING * * *
You are lethally poisoned!
The water moccasin poisons you!
* * * LOW HITPOINT WARNING * * *
You feel very sick. The water moccasin bites you.
You die...

#........#
#############........#
#..........##........#
#..........##........#
#........<.#.....†...#
#....................#
#........<.##........# #
##.....>....##........## #
........))....@S.gg.g...#### #
###..........#######.##....####
.............# #.#####.....
#...####.##### #.# #####. ..##
#.# #.# #.. ## #.# #.# #.# #.#
#.# #g# #.# #.. #.# #. #g#


You could see a water moccasin and 3 gnolls.

Vanquished Creatures
  A black bear (D:3)
  A phantom (D:3)
  A necrophage (D:4)
  A hound (D:5)
  A jelly (D:4)
  6 orc wizards (D:4)
  Natasha (D:2)
  5 iguanas
  2 adders (D:3)
  4 gnolls
  A worm (D:4)
  13 orcs
  6 ball pythons
  7 bats
  8 endoplasms
  3 giant cockroaches
  11 goblins
  9 hobgoblins
  14 jackals
  A quokka (D:2)
  4 frilled lizards
  6 kobolds
  5 rats
111 creatures vanquished.

Notes
Turn   | Place    | Note
-------+----------+-------------------------------------------
     0 | D:1      | Artool the Demonspawn Gladiator began the quest for the
                  | Orb.
     0 | D:1      | Reached XP level 1. HP: 16/16 MP: 1/1
   183 | D:1      | Gained mutation: You regenerate a little health from kills.
                  | [demonic ancestry]
   183 | D:1      | Reached XP level 2. HP: 22/22 MP: 2/2
   842 | D:1      | Reached skill level 1 in Armour
   842 | D:1      | Gained mutation: You have a small tail. [demonic ancestry]
   842 | D:1      | Reached XP level 3. HP: 27/28 MP: 3/3
  1925 | D:3      | Gained mutation: You have a tail ending in a sharp stinger.
                  | [demonic ancestry]
  1925 | D:3      | Reached XP level 4. HP: 33/34 MP: 4/4
  1933 | D:3      | Noticed Natasha
  1952 | D:2      | Killed Natasha
  2286 | D:3      | Found an opulent altar of Gozag.
  2666 | D:4      | Reached XP level 5. HP: 38/41 MP: 5/5
  3095 | D:4      | Gained mutation: You have a sharp stinger which inflicts
                  | weakening toxins. [demonic ancestry]
  3095 | D:4      | Reached XP level 6. HP: 45/47 MP: 6/6
  3632 | D:4      | Found a blossoming altar of Fedhas.
  3802 | D:4      | Gained mutation: You have a somewhat thin skeletal
                  | structure. (Dex +2, Stealth+) [demonic ancestry]
  3802 | D:4      | Reached XP level 7. HP: 54/54 MP: 7/7
  4187 | D:5      | Entered Level 5 of the Dungeon
  4491 | D:5      | HP: 1/55 [poisoned by a water moccasin]
  4491 | D:5      | Slain by a water moccasin

Illustrated notes

Levels and vault maps discovered:
D:1:      amcnicky_arrival_gap_in_the_tavern_cellar, layout_loops_ring
D:2:      layout_basic
D:3:      layout_rooms, grunt_gozag_breadcrumbs, uniq_natasha
D:4:      layout_gridville, lemuel_crystal_altar,
          minmay_a_box_with_orc_wizards_in_it
D:5:      layout_rooms, minmay_holes, dk_rats_in_the_wall

Skill      XL: |  1  2  3  4  5  6 |
---------------+-------------------+-----
Throwing       | 2 |  2.0
Maces & Flails | 3 4 |  4.6
Armour         | 1 2 3 |  3.5
Dodging        | 3 4 |  4.6
Fighting       | 3 4 |  4.5

Action                   |  1- 3 |  4- 6 |  7- 9 || total
-------------------------+-------+-------+-------++-------
Melee: Flail             |   134 |    38 |       ||   172
       Punch             |     1 |     3 |       ||     4
       Tailslap          |     1 |    27 |    14 ||    42
       Whip              |       |   136 |    76 ||   212
 Stab: Distracted        |     1 |       |       ||     1
Armor: Leather armour    |    35 |       |       ||    35
       Scale mail        |    23 |   107 |    49 ||   179
Dodge: Dodged            |    93 |   119 |    53 ||   265
